 Dungeon Crawl Stone Soup version 0.22-a0-558-gc224181 (webtiles) character file.

12145 vierth the Protected (level 11, -3/101 HPs)
             Began as a Minotaur Fighter on June 27, 2018.
             Was a Priest of Trog.
             Slain by a troll (4 damage)
             ... on level 13 of the Dungeon.
             The game lasted 00:26:19 (12834 turns).

vierth the Protected (Minotaur Fighter)            Turns: 12834, Time: 00:26:20

Health: -3/101     AC: 18    Str: 23    XL:     11   Next: 58%
Magic:  10/10      EV:  7    Int:  5    God:    Trog [***...]
Gold:   673        SH:  0    Dex: 11    Spells: 10/10 levels left

rFire    . . .     SeeInvis .   F - +4 battleaxe
rCold    . . .     Gourm    .   (shield currently unavailable)
rNeg     + . .     Faith    .   b - +0 plate armour
rPois    .         Spirit   .   (helmet restricted)
rElec    .         Reflect  .   q - +1 cloak
rCorr    .         Harm     .   (no gloves)
MR       +....                  (no boots)
Stlth    ..........             (no amulet)
HPRegen  0.26/turn              g - ring of positive energy
MPRegen  0.12/turn              r - ring of protection from magic

@: no status effects
A: retaliatory headbutt, horns 2
a: Berserk, Trog's Hand, Renounce Religion


You were on level 13 of the Dungeon.
You worshipped Trog.
Trog was most pleased with you.
You were not hungry.

You visited 2 branches of the dungeon, and saw 13 of its levels.

You collected 673 gold pieces.

Inventory:

Hand Weapons
 a - a +1 war axe
 u - a +0 mace
 B - a +2 war axe of distortion
 F - a +4 battleaxe (weapon)
Armour
 b - a +0 plate armour (worn)
 q - a +1 cloak (worn)
Jewellery
 c - an uncursed ring of ice {unknown}
 g - a ring of positive energy (left hand)
 r - a ring of protection from magic (right hand)
 y - an uncursed ring of protection from fire
Wands
 s - a wand of paralysis (6)
 x - a wand of flame (55)
Scrolls
 e - 5 scrolls of identify
 i - a scroll of immolation
 j - 7 scrolls of teleportation
 l - 6 scrolls of amnesia
 m - 4 scrolls of enchant weapon
 o - a scroll of random uselessness {unknown}
 v - 4 scrolls of remove curse
 w - 3 scrolls of magic mapping
 z - a scroll of vulnerability {unknown}
 C - a scroll of brand weapon {unknown}
 D - a scroll of silence {unknown}
Potions
 d - 2 potions of might
 h - 2 potions of haste {unknown}
 k - 3 potions of curing
 n - 5 potions of lignification
 p - 3 potions of flight
 t - a potion of heal wounds {unknown}
 A - a potion of ambrosia {unknown}
Comestibles
 f - 12 rations


   Skills:
 + Level 10.8 Fighting
 * Level 12.1 Axes
 * Level 12.3 Armour
   Level 10.6 Shields


You had 10 spell levels left.
You didn't know any spells.
Your spell library was empty.

Dungeon Overview and Level Annotations

Branches:
Dungeon (11/15)            Temple (1/1) D:6            Lair (0/6) D:10
    Orc: D:9-12

Altars:
Ashenzari
Cheibriados
Dithmenos
Elyvilon
Fedhas
Gozag
Hepliaklqana
Kikubaaqudgha
Makhleb
Nemelex Xobeh
Okawaru
Qazlal
Ru
Sif Muna
Trog
Uskayaw
Vehumet
Wu Jian
Xom
Yredelemnul
Zin
The Shining One

Shops:
D:7 [   D:8 !

Portals:
Trove: D:10 (give 5 potions of resistance)

Annotations:
Abyss:1 Joseph


Innate Abilities, Weirdness & Mutations

You reflexively headbutt those who attack you in melee.
You have a pair of horns on your head.


Message History

You hit the troll.
The troll is heavily wounded.
You slash the troll! The troll bites you but does no damage.
The troll claws you!
* * * LOW HITPOINT WARNING * * *
The troll claws you but does no damage.
A gargoyle comes into view. It is wielding a mace of protection.
The troll barely misses you.
The troll claws you but does no damage. x2
The troll bites you but does no damage. The troll claws you!
* * * LOW HITPOINT WARNING * * *
The troll claws you but does no damage.
You slash the troll!
The troll is almost dead.
You closely miss the troll. The troll bites you!
* * * LOW HITPOINT WARNING * * *
The troll claws you!
* * * LOW HITPOINT WARNING * * *
The troll barely misses you. The troll bites you but does no damage.
The troll claws you.
You die...

.. #.# ... #.#
#..#####.##
...9......#
#.........####$.
#..............
#......T...#
#......T@.#
##........#
#........#
#(.......#
##########


You could see 2 trolls and a gargoyle.

Vanquished Creatures
  A centaur warrior (D:11)
  2 two-headed ogres
  Pikel (D:7)
  A cyclops (D:11)
  2 ugly things (D:11)
  A gargoyle (D:10)
  A yaktaur (D:11)
  A guardian mummy (D:10)
  A troll (D:11)
  Grinder (D:4)
  3 hippogriffs
  A shadow (D:11)
  A wraith (D:11)
  4 hogs (D:8)
  A steam dragon (D:8)
  A human (D:8)
  2 ice beasts
  A sky beast (D:5)
  A black bear (D:11)
  3 phantoms
  A slave (D:7)
  4 ogres
  3 orc warriors
  A necrophage (D:10)
  6 centaurs
  A big kobold (D:10)
  5 bullfrogs
  2 wyvern zombies
  2 water moccasin zombies (D:8)
  2 wyvern skeletons (D:10)
  A jelly (D:10)
  6 killer bees
  6 wights
  3 electric eels (D:11)
  5 howler monkeys
  6 crimson imps
  7 hounds
  A quasit (D:13)
  2 centaur skeletons
  5 orc priests
  Crazy Yiuf (D:2)
  A gnoll shaman (D:7)
  4 iguanas
  Ijyb (D:5)
  Natasha (thrice) (D:2)
  5 orc wizards
  11 worker ants
  A hound zombie (D:7)
  A hound skeleton (D:9)
  A howler monkey zombie (D:7)
  A worker ant zombie (D:5)
  A howler monkey skeleton (D:5)
  8 gnolls
  11 adders
  2 shadow imps
  2 oozes
  An adder zombie (D:9)
  An adder skeleton (D:7)
  4 dart slugs
  2 worms
  3 leopard geckos
  35 orcs
  6 bats
  4 giant cockroaches
  8 goblins
  11 hobgoblins
  4 jackals
  10 kobolds
  2 quokkas
  A ball python (D:3)
  7 frilled lizards
  2 leopard gecko skeletons (D:6)
  12 rats
266 creatures vanquished.

Vanquished Creatures (others)
  An ugly thing (D:11)
  A hippogriff (D:11)
  A steam dragon (D:11)
  An ogre (D:9)
  2 killer bees (D:11)
  2 orc priests
  6 orcs
  4 plants (D:10)
18 creatures vanquished.

Grand Total: 284 creatures vanquished

Notes
Turn   | Place    | Note
-------+----------+-------------------------------------------
     0 | D:1      | vierth the Minotaur Fighter began the quest for the Orb.
     0 | D:1      | Reached XP level 1. HP: 19/19 MP: 0/0
   209 | D:1      | Reached XP level 2. HP: 25/27 MP: 1/1
   512 | D:1      | Reached XP level 3. HP: 33/33 MP: 2/2
   889 | D:2      | Noticed Natasha
   900 | D:2      | Killed Natasha
   900 | D:2      | Reached XP level 4. HP: 24/41 MP: 3/3
  1114 | D:2      | Found a deep blue altar of Sif Muna.
  1300 | D:2      | Noticed Natasha
  1304 | D:2      | Killed Natasha
  1598 | D:2      | Found a runed door.
  1665 | D:2      | Noticed Natasha
  1672 | D:2      | Killed Natasha
  1672 | D:2      | Reached XP level 5. HP: 47/47 MP: 4/4
  1780 | D:2      | Noticed Crazy Yiuf
  1788 | D:2      | Killed Crazy Yiuf
  2165 | D:3      | Reached skill level 5 in Armour
  2414 | D:3      | Reached skill level 5 in Shields
  2418 | D:3      | Reached skill level 5 in Fighting
  2450 | D:3      | Found an opulent altar of Gozag.
  2900 | D:4      | Found a shimmering altar of Xom.
  2901 | D:4      | Found a shimmering altar of Xom.
  2901 | D:4      | Found a shimmering altar of Xom.
  2901 | D:4      | Found a shimmering altar of Xom.
  2941 | D:4      | Found a hide-covered altar of Uskayaw.
  3238 | D:4      | Reached XP level 6. HP: 56/56 MP: 5/5
  3451 | D:4      | Noticed Grinder
  3455 | D:4      | Killed Grinder
  3455 | D:4      | Reached skill level 5 in Axes
  3456 | D:4      | Found a shimmering altar of Xom.
  3495 | D:4      | Found a shimmering altar of Xom.
  3497 | D:4      | Found a shimmering altar of Xom.
  3507 | D:4      | Found a shimmering altar of Xom.
  3536 | D:4      | Reached XP level 7. HP: 62/62 MP: 6/6
  3766 | D:5      | Entered Level 5 of the Dungeon
  4398 | D:5      | Noticed Ijyb
  4415 | D:5      | Killed Ijyb
  4831 | D:6      | Reached XP level 8. HP: 66/71 MP: 7/7
  5445 | D:6      | Found a staircase to the Ecumenical Temple.
  5870 | Temple   | Entered the Ecumenical Temple
  5890 | Temple   | Became a worshipper of Trog the Wrathful
  6173 | D:7      | Noticed a hippogriff
  6467 | D:7      | Found Valewor's Armour Boutique.
  6620 | D:7      | Killed a hippogriff
  6620 | D:7      | Reached XP level 9. HP: 47/81 MP: 8/8
  7204 | D:7      | Found a glowing silver altar of Zin.
  7314 | D:7      | Noticed Pikel
  7338 | D:7      | Killed Pikel
  7399 | D:7      | Reached * piety under Trog
  7736 | D:8      | Found Vacucwys's Distillery.
  8008 | D:8      | Noticed Joseph
  8022 | D:8      | Banished Joseph
  8299 | D:8      | Reached XP level 10. HP: 51/91 MP: 9/9
  8595 | D:8      | Found a blossoming altar of Fedhas.
  8610 | D:8      | Reached ** piety under Trog
  8610 | D:8      | Reached skill level 10 in Armour
  8846 | D:9      | Found a stormy altar of Qazlal.
  8890 | D:9      | Found an ornate altar of the Wu Jian Council.
  8922 | D:9      | Reached skill level 10 in Axes
  9588 | D:10     | Entered Level 10 of the Dungeon
  9607 | D:10     | Noticed a two-headed ogre
  9633 | D:10     | Killed a two-headed ogre
  9692 | D:10     | Noticed a gargoyle
  9704 | D:10     | Killed a gargoyle
  9704 | D:10     | Reached skill level 10 in Fighting
  9704 | D:10     | Reached skill level 10 in Shields
  9986 | D:10     | Found a staircase to the Lair.
 10277 | D:10     | Noticed a two-headed ogre
 10290 | D:10     | Reached *** piety under Trog
 10748 | D:10     | Found a portal to a secret trove of treasure.
 11112 | D:11     | Reached XP level 11. HP: 73/99 MP: 10/10
 11378 | D:11     | Noticed a two-headed ogre
 11391 | D:11     | Killed a two-headed ogre
 11462 | D:11     | HP: 5/101 [orc priest/morningstar (5)]
 11973 | D:11     | Noticed a green ugly thing
 11991 | D:11     | Killed a green ugly thing
 12472 | D:11     | Noticed a white ugly thing
 12477 | D:11     | Banished a white ugly thing
 12605 | D:11     | Noticed a purple ugly thing
 12615 | D:11     | Killed a purple ugly thing
 12697 | D:11     | Noticed a centaur warrior
 12712 | D:11     | Killed a centaur warrior
 12821 | D:11     | You fall through a shaft for 2 floors!
 12834 | D:13     | HP: 1/101 [troll (9)]
 12834 | D:13     | Slain by a troll

Vault maps used:
D:1:      dpeg_arrival_arbitrary_a, serial_bayou_pond_b, minmay_tall_x
D:2:      led_sif_pool, uniq_crazy_yiuf_cottage, uniq_natasha
D:3:      lemuel_doored_altar, first_ration, minmay_door_square,
          minmay_misc_feat_alley
D:4:      nicolae_overflow_crystal_walls, xom_redecorated, uniq_grinder
D:5:      hex_large, grunt_decor_one_mirror, hangedman_abyss_or_decor_stagger,
          uniq_ijyb
D:6:      minmay_temple_entry_hall, kennysheep_generic_room_2
D:7:      lemuel_coloured_pillars_altar, serial_glass, glass_columns_a,
          glass_columns_b, serial_shops,
          nicolae_shop_competitors_out_of_business, uniq_pikel
D:8:      serial_shops, nicolae_shop_trees, serial_column_ruins,
          column_ruins_hut, column_ruins_hut_ruined,
          column_ruins_columns_straight, column_ruins_open_tiny,
          column_ruins_open_tiny, column_ruins_open_small,
          column_ruins_columns_straight, grunt_livestock, fedhas_altar_2,
          uniq_joseph
D:9:      old_standard_altar, lemuel_crystal_altar, minmay_statues_item
D:10:     david_lair_shrubbed, nicolae_trove_entry_path_of_doom
D:11:     minmay_the_grid_triangle_9x9_rhombus_full
D:13:     david_vaults_4, minivault_5, nicolae_transmutations_shop
Temple:   eino_temple_scatter_basement

Skill      XL: |  1  2  3  4  5  6  7  8  9 10 11 |
---------------+----------------------------------+-----
Fighting       | 4 5 6 7 9 10 | 10.8
Shields        | 4 5 6 7 9 10 | 10.6
Armour         | 4 5 6 7 9 11 12 | 12.3
Axes           | 3 4 5 7 9 11 12 | 12.1

Action                   |  1- 3 |  4- 6 |  7- 9 | 10-12 || total
-------------------------+-------+-------+-------+-------++-------
Melee: War axe           |    77 |   122 |   327 |   210 ||   736
       Headbutt          |    11 |    11 |    68 |    51 ||   141
       Battleaxe         |       |       |       |    21 ||    21
Invok: Berserk           |       |       |       |     7 ||     7
  Use: Scroll            |       |     7 |     2 |     3 ||    12
  Eat: Ration            |       |     3 |     4 |     6 ||    13
       Chunk             |       |       |       |     3 ||     3
Armor: Scale mail        |    49 |    45 |    87 |       ||   181
       Plate armour      |       |       |    37 |   114 ||   151
       Chain mail        |       |       |     8 |       ||     8
Dodge: Dodged            |    26 |    26 |    67 |    52 ||   171
Block: Shield            |    38 |    70 |   199 |   116 ||   423

Table legend:
 A = Spawn XP
 B = Non-spawn XP
 C = Spawn XP percentage of total XP
 D = Spawn monster count
 E = Non-spawn monster count
 F = Spawn count percentage of total count
 G = Total turns spent on level
                    A         B        C        D         E        F      G
               +---------+---------+-------+---------+---------+-------+---------
         Total |       0 |   17350 |   0.0 |       0 |     275 |   0.0 | 12834
               +---------+---------+-------+---------+---------+-------+---------
           D:1 |       0 |      68 |   0.0 |       0 |      36 |   0.0 |   869
           D:2 |       0 |     185 |   0.0 |       0 |      14 |   0.0 |   959
           D:3 |       0 |      85 |   0.0 |       0 |      26 |   0.0 |   949
           D:4 |       0 |     432 |   0.0 |       0 |       6 |   0.0 |   989
           D:5 |       0 |     392 |   0.0 |       0 |      11 |   0.0 |   900
           D:6 |       0 |     913 |   0.0 |       0 |      21 |   0.0 |  1492
           D:7 |       0 |    2246 |   0.0 |       0 |      40 |   0.0 |  1384
           D:8 |       0 |    2828 |   0.0 |       0 |      34 |   0.0 |  1094
           D:9 |       0 |     939 |   0.0 |       0 |      17 |   0.0 |   760
          D:10 |       0 |    2733 |   0.0 |       0 |      33 |   0.0 |  1515
          D:11 |       0 |    6484 |   0.0 |       0 |      36 |   0.0 |  1718
          D:13 |       0 |      45 |   0.0 |       0 |       1 |   0.0 |    13
               +---------+---------+-------+---------+---------+-------+---------
